 Dungeon Crawl Stone Soup version 0.29.0-4-gdea44cf6ec (webtiles) character file.

Game seed: 14582268499405764764

74900 qw the Severer (level 15, 0/132 HPs)
             Began as a Formicid Cinder Acolyte on Sept 3, 2022.
             Was a High Priest of Okawaru.
             Slain by a boulder beetle (3 damage)
             ... on level 14 of the Dungeon.
             The game lasted 00:11:12 (24468 turns).

qw the Severer (Formicid Cinder Acolyte)           Turns: 24468, Time: 00:11:13

Health: 0/132      AC: 30    Str: 29    XL:     15   Next: 96%
Magic:  17/22      EV: 11    Int: 13    God:    Okawaru [*****.]
Gold:   678        SH: 14    Dex: 13    Spells: 16/16 levels left

rFire   . . .      SeeInvis +   n - -1 hand axe (flame)
rCold   + . .      Faith    .   r - +0 kite shield {rPois}
rNeg    . . .      Spirit   .   x - +2 plate armour {rC+}
rPois   +          Reflect  .   (helmet unavailable)
rElec   .          Harm     .   p - scarf {repulsion}
rCorr   .          Rampage  .   l - +0 pair of gloves
Will    +....      Clarity  +   m - +2 pair of boots
Stlth   ..........              (no amulet)
HPRegen 0.32/turn               i - +4 ring of protection
MPRegen 0.18/turn               o - +6 ring of strength

@: heroic, finesse-ful, contaminated, glowing, repel missiles, unable to read
A: permanent stasis, dig shafts and tunnels, antennae 3, four strong arms,
talons 1, iridescent scales 1, agile 1, clarity, dopey 1, robust 1, inability to
read after injury 1
a: Dig, Shaft Self, Renounce Religion, Heroism, Finesse, Duel


You were on level 14 of the Dungeon.
You worshipped Okawaru.
Okawaru was extremely pleased with you.
You visited 3 branches of the dungeon, and saw 20 of its levels.
You also visited: Ossuary.

You collected 1776 gold pieces.
You spent 1098 gold pieces at shops.


Innate Abilities, Weirdness & Mutations

You cannot be hasted, slowed, berserked, paralysed or teleported.
You can dig through walls and to a lower floor.
You have a pair of large antennae on your head. (SInv)
Your four strong arms can wield two-handed weapons with a shield.
You have sharp toenails.
You are partially covered in iridescent scales. (AC +2)
You are agile. (Dex +4, Str/Int -1)
You possess an exceptional clarity of mind.
You are dopey. (Int -2)
You are robust. (+10% HP)
You occasionally lose the ability to read scrolls when taking damage.


   Skills:
 - Level 12.0(17.0) Fighting
 - Level 18.0(23.0) Axes
 - Level 6.1(11.1) Throwing
 - Level 10.0(15.0) Armour
 - Level 4.1(9.1) Dodging
 + Level 13.2(18.2) Shields
 - Level 1.1 Spellcasting
 - Level 3.0 Fire Magic
 - Level 10.0 Invocations


You had 16 spell levels left.
You didn't know any spells.
Your spell library contained the following spells:

 Spells                   Type           Power      Damage    Failure   Level
 Scorch                   Fire           16%        2d6       67%         2

Inventory:

Hand Weapons
 b - the +9 battleaxe of Wyrd {freeze, Contam rC+++ MP+9 Int+3}
   (You acquired it on level 2 of the Dungeon)

   It freezes those it strikes, dealing additional cold damage.
   It can also slow down cold-blooded creatures.
   Int:       It affects your intelligence (+3).
   rC:        It renders you almost immune to cold.
   MP:        It affects your magic capacity (+9).
   Contam:    It causes magical contamination when unequipped.
 n - a -1 hand axe of flaming (weapon)
Missiles
 d - 5 javelins (quivered)
 k - 5 boomerangs
Armour
 l - a +0 pair of gloves (worn)
 m - a +2 pair of boots (worn)
 p - a scarf of repulsion (worn)
 r - a +0 kite shield of poison resistance (worn)
 s - a +1 cloak
 x - a +2 plate armour of cold resistance (worn)
Jewellery
 e - the ring of Day {rPois rF+}
   (You took it off a centaur on level 10 of the Dungeon)

   [ring of protection from fire]

   rF:        It protects you from fire.
   rPois:     It protects you from poison.
 i - a +4 ring of protection (left hand)
 o - a +6 ring of strength (right hand)
 q - a ring of fire
Scrolls
 a - 11 scrolls of identify
 h - a scroll of brand weapon
 t - a scroll of enchant weapon
Potions
 f - 4 potions of cancellation
 g - 13 potions of curing
 v - 4 potions of might

Dungeon Overview and Level Annotations

Branches:
Dungeon (14/15)            Temple (1/1) D:4            Lair (5/5) D:9
 Shoals (0/4) Lair:3       Spider (0/4) Lair:2        Slime (0/5) Lair:5
    Orc (0/2) D:12         Vaults (0/5) D:13        Ossuary (visited)

Altars:
Ashenzari
Cheibriados
Dithmenos
Elyvilon
Fedhas
Gozag
Hepliaklqana
Kikubaaqudgha
Makhleb
Nemelex Xobeh
Okawaru
Qazlal
Ru
Sif Muna
Trog
Uskayaw
Vehumet
Wu Jian
Xom
Yredelemnul
Zin
The Shining One

Shops:
D:12 ([**[

Annotations:
D:7 4 runed translucent doors, Crazy Yiuf; qw's ghost, novice TrCA
D:14 Onucvo's ghost, journeyman FoFi; Snorg
Lair:2 1 runed translucent door, qw's ghost, journeyman TrCA


Message History

Snorg barely misses you.
You miss the tengu warrior.
The tengu warrior is almost dead.
You hit the boulder beetle but do no damage. x2
You hit Snorg. You burn Snorg. The tengu warrior barely misses you.
The tengu warrior pecks you but does no damage.
The tengu warrior closely misses you.
You hit the tengu warrior but do no damage.
The tengu warrior is almost dead.
You hit the boulder beetle. You burn the boulder beetle.
You hit the boulder beetle. You burn the boulder beetle. You slash Snorg!
You burn Snorg. You block Snorg's attack. Snorg barely misses you.
You block Snorg's attack. The boulder beetle bites you!
The boulder beetle closely misses you.
You hit the tengu warrior but do no damage.
The tengu warrior is almost dead.
You slash the boulder beetle! You burn the boulder beetle.
You hit the boulder beetle but do no damage.
You slash Snorg! You burn Snorg.
You hit the tengu warrior but do no damage.
The tengu warrior is almost dead.
You hit the boulder beetle but do no damage.
You completely miss the boulder beetle. You hit Snorg. You burn Snorg.
Snorg bites you but does no damage. Snorg closely misses you.
Snorg barely misses you.
The tengu warrior hits you but does no damage.
The tengu warrior barely misses you. The tengu warrior closely misses you.
You hit the tengu warrior. You burn the tengu warrior.
The tengu warrior is almost dead.
You hit Snorg. You burn Snorg. You hit the boulder beetle.
You burn the boulder beetle. You hit the boulder beetle.
You burn the boulder beetle. You closely miss the tengu warrior.
The tengu warrior is almost dead.
You slash the boulder beetle! You burn the boulder beetle.
You hit the boulder beetle but do no damage.
You hit Snorg. You burn Snorg. You block the boulder beetle's attack.
The boulder beetle bites you.
You die... #{ { #............ ~# #.###.#####.. i 7 { { . #.# #....# #W .. #.# ####.# ## 7# .. {{# #.# .#{ .. 0.C{{# #.## .# ~# 07u{

#####..#..# ~#
7#D##B........#
#
#cQ@B).......#
#.##T........#
# #..........#
#......#....#
#......#......
#......##.#.#.
#......# ....
......#


You could see Snorg (berserk), 2 boulder beetles, a six-headed hydra, a red ugly
thing, a tengu warrior, a centaur warrior and a cyclops.

Vanquished Creatures
  Gastronok (Lair:3)
  Nessos (Lair:4)
  3 vault guards (D:13)
  11 hydras
  5 centaur warriors
  2 boulder beetles
  A catoblepas (Lair:5)
  2 two-headed ogres
  10 death yaks
  Amaemon (D:11)
  Pikel (D:9)
  2 lindwurms (Lair:5)
  A wolf spider zombie (D:12)
  2 orc knights (D:13)
  10 ugly things
  2 deep elf pyromancers
  An orc sorcerer (D:13)
  2 cyclopes
  4 manticores
  12 elephants
  11 centaur zombies (D:12)
  A torpor snail (Lair:5)
  A smoke demon (D:13)
  3 black mambas
  13 cane toads
  2 gargoyles (D:13)
  An efreet (D:13)
  An orange demon (D:11)
  6 rime drakes
  A freezing wraith (D:14)
  An ice devil (D:13)
  4 unseen horrors
  7 komodo dragons
  A tengu conjurer (D:13)
  A troll (D:14)
  Prince Ribbit (D:7)
  4 slime creatures
  6 polar bears
  7 dream sheep (Lair:5)
  A jumping spider (Lair:2)
  Sigmund (D:3)
  2 vampires (D:12)
  2 shadows
  2 culicivoras (Lair:2)
  3 wraiths (D:10)
  9 wyverns
  37 yaks
  A human (D:13)
  4 basilisks
  15 fire elementals
  9 vampire mosquitoes
  A redback (Lair:2)
  4 acid dragons
  Duvessa (D:7)
  8 water moccasins
  6 orc warriors
  A sky beast (D:8)
  2 ogres
  An ice beast (D:7)
  A black bear (D:6)
  A boggart (D:10)
  26 wolves
  4 centaurs
  2 lemures (D:9)
  4 phantoms
  2 kobold brigands
  Blork the orc (D:4)
  2 elf zombies (Ossuary)
  11 bullfrogs
  8 necrophages
  3 gnoll sergeants
  A scorpion (D:6)
  11 wights
  Dowan (D:7)
  5 killer bees
  A howler monkey (D:7)
  An electric eel (Lair:5)
  4 crimson imps (D:13)
  3 human zombies (Ossuary)
  3 hounds
  8 orc priests
  2 jellies
  11 orc wizards
  4 iguanas
  4 mummies (Ossuary)
  4 adders
  16 gnolls
  A shadow imp (D:7)
  7 white imps
  3 ufetubi
  2 adder zombies (Ossuary)
  2 worms
  4 dart slugs
  43 orcs
  4 endoplasms
  4 giant cockroaches
  2 goblins
  5 hobgoblins
  2 jackals (D:2)
  3 quokkas
  4 ball pythons
  3 bats
  A frilled lizard (D:3)
  A gnoll zombie (Ossuary)
  A goblin zombie (Ossuary)
  A jackal zombie (Ossuary)
  10 kobolds
  A kobold zombie (Ossuary)
  An orc zombie (Ossuary)
  4 rats
509 creatures vanquished.

Vanquished Creatures (others)
  2 orc wizards
  12 fungi
  12 plants
  2 withered plants (Lair:2)
28 creatures vanquished.

Grand Total: 537 creatures vanquished

Notes
Turn   | Place    | Note
-------+----------+-------------------------------------------
     0 | D:1      | qw the Formicid Cinder Acolyte began the quest for the Orb.
     0 | D:1      | Reached XP level 1. HP: 18/18 MP: 2/2
     0 | D:1      | 0 ||| qw: Version: 0.1-a-102-g441f92d
     0 | D:1      | 0 ||| qw: Game counter: 5063
     0 | D:1      | 0 ||| qw: Always use a shield: true
     0 | D:1      | 0 ||| qw: God list: Okawaru
     0 | D:1      | 0 ||| qw: Allow faded altars: false
     0 | D:1      | 0 ||| qw: Do Orc after D:15 true
     0 | D:1      | 0 ||| qw: Do second Lair branch before Depths: true
     0 | D:1      | 0 ||| qw: Lair rune preference: random
     0 | D:1      | 0 ||| qw: Plans: Normal
     0 | D:1      | 0 ||| PLANNING D:1-11
    25 | D:1      | 25 ||| Stepping ~*~*~tactically~*~*~ (stealth).
    28 | D:1      | Reached XP level 2. HP: 20/24 MP: 3/3
   200 | D:1      | Reached skill level 4 in Axes
   200 | D:1      | Reached XP level 3. HP: 28/29 MP: 4/4
   424 | D:1      | 424 ||| Stepping ~*~*~tactically~*~*~ (stealth).
   431 | D:1      | 431 ||| INVOKING Fiery Armour.
   431 | D:1      | HP: 6/29 [hobgoblin/+0 trident (4)]
   955 | D:1      | 955 ||| UPGRADING to +0 plate armour.
   965 | D:1      | 965 ||| DROPPING +0 robe.
   966 | D:1      | 966 ||| READING scroll labelled LOUDUNL OSOK.
   973 | D:2      | 973 ||| STAIRDANCE
   978 | D:2      | 978 ||| STAIRDANCE
  1021 | D:2      | 1021 ||| Stepping ~*~*~tactically~*~*~ (stealth).
  1061 | D:2      | Reached skill level 1 in Armour
  1070 | D:2      | 1070 ||| INVOKING Fiery Armour.
  1305 | D:2      | 1305 ||| Stepping ~*~*~tactically~*~*~ (hiding).
  1307 | D:2      | 1307 ||| Stepping ~*~*~tactically~*~*~ (hiding).
  1309 | D:2      | 1309 ||| Stepping ~*~*~tactically~*~*~ (hiding).
  1686 | D:2      | Found a faded altar of an unknown god.
  1703 | D:2      | Reached XP level 4. HP: 35/35 MP: 5/5
  1952 | D:2      | 1952 ||| READING 3 scrolls labelled WICKOS FOFOZ.
  1953 | D:2      | 1953 ||| READING 3 scrolls labelled SOOPUPSIUW.
  1954 | D:2      | 1954 ||| DRINKING 2 amethyst potions.
  1955 | D:2      | 1955 ||| READING 2 scrolls of identify.
  1955 | D:2      | 1955 ||| IDENTIFYING white potion
  1956 | D:2      | 1956 ||| DROPPING 2 scrolls of vulnerability.
  1957 | D:2      | 1957 ||| DROPPING potion of brilliance.
  1980 | D:3      | Noticed Sigmund
  2003 | D:3      | 2003 ||| INVOKING Fiery Armour.
  2005 | D:3      | Killed Sigmund
  2006 | D:3      | Reached XP level 5. HP: 13/41 MP: 6/6
  2006 | D:3      | Reached XP level 6. HP: 15/47 MP: 7/7
  2376 | D:3      | 2376 ||| Stepping ~*~*~tactically~*~*~ (stealth).
  2378 | D:3      | 2378 ||| Stepping ~*~*~tactically~*~*~ (stealth).
  3014 | D:3      | 3014 ||| FLEEEEING.
  3018 | D:3      | 3018 ||| FLEEEEING.
  3019 | D:3      | 3019 ||| FLEEEEING.
  3020 | D:3      | 3020 ||| FLEEEEING.
  3021 | D:3      | 3021 ||| FLEEEEING.
  3022 | D:3      | 3022 ||| FLEEEEING.
  3025 | D:3      | 3025 ||| FLEEEEING.
  3028 | D:3      | 3028 ||| FLEEEEING.
  3029 | D:3      | 3029 ||| FLEEEEING.
  3030 | D:3      | 3030 ||| FLEEEEING.
  3032 | D:3      | 3032 ||| FLEEEEING.
  3033 | D:3      | 3033 ||| FLEEEEING.
  3035 | D:3      | 3035 ||| FLEEEEING.
  3036 | D:3      | 3036 ||| FLEEEEING.
  3037 | D:3      | 3037 ||| FLEEEEING.
  3038 | D:3      | 3038 ||| FLEEEEING.
  3039 | D:3      | 3039 ||| FLEEEEING.
  3042 | D:3      | 3042 ||| FLEEEEING.
  3043 | D:3      | 3043 ||| FLEEEEING.
  3044 | D:3      | 3044 ||| FLEEEEING.
  3047 | D:3      | 3047 ||| STAIRDANCE
  3128 | D:2      | 3128 ||| UPGRADING to +0 pair of gloves.
  3133 | D:2      | 3133 ||| READING scroll labelled SIRIRAA EDEU.
  3234 | D:2      | 3234 ||| READING 3 scrolls labelled VEOMOT TERIMN.
  3235 | D:2      | 3235 ||| READING scroll labelled CECRAN CELUA.
  3236 | D:2      | 3236 ||| READING scroll labelled RACKIQ JIA.
  3236 | D:2      | Identified a scroll of acquirement
  3236 | D:2      | 3236 ||| ACQUIRING +9 battleaxe of Wyrd {freeze, Contam
                  | rC+++ MP+9 Int+3}
  3236 | D:2      | Acquired the +9 battleaxe of Wyrd {freeze, Contam rC+++
                  | MP+9 Int+3}
  3238 | D:2      | 3238 ||| SWAPPING to +9 battleaxe of Wyrd {freeze, Contam
                  | rC+++ MP+9 Int+3}.
  3299 | D:2      | 3299 ||| READING 3 scrolls labelled IMOUXZOSYB.
  3300 | D:2      | 3300 ||| DRINKING 2 smoky brown potions.
  3301 | D:2      | 3301 ||| DROPPING 2 scrolls of magic mapping.
  3302 | D:2      | 3302 ||| DROPPING 2 scrolls of blinking.
  3362 | D:3      | Found the +7 staff of the Meek {protect, meekguard}
  3529 | D:4      | Reached skill level 5 in Axes
  3659 | D:4      | Found a staircase to the Ecumenical Temple.
  3775 | D:4      | Reached XP level 7. HP: 41/52 MP: 8/8
  3934 | D:4      | 3934 ||| Stepping ~*~*~tactically~*~*~ (stealth).
  3935 | D:4      | 3935 ||| Stepping ~*~*~tactically~*~*~ (stealth).
  3938 | D:4      | 3938 ||| Stepping ~*~*~tactically~*~*~ (stealth).
  3942 | D:4      | 3942 ||| Stepping ~*~*~tactically~*~*~ (stealth).
  3954 | D:4      | 3954 ||| Stepping ~*~*~tactically~*~*~ (hiding).
  3964 | D:4      | Reached skill level 6 in Axes
  4131 | D:4      | Noticed Blork the orc
  4139 | D:4      | 4139 ||| INVOKING Fiery Armour.
  4141 | D:4      | HP: 11/52 [Blork the orc/+2 scimitar of electrocution (15)]
  4142 | D:4      | Killed Blork the orc
  4458 | D:4      | 4458 ||| READING scroll labelled TEN WAOSEWO VUMAI.
  4459 | D:4      | 4459 ||| READING scroll labelled GEANAD YDAFONA.
  4460 | D:4      | 4460 ||| READING scroll labelled GIMOIF OX BIF.
  4461 | D:4      | 4461 ||| DRINKING 2 clear potions.
  4462 | D:4      | 4462 ||| READING 2 scrolls of identify.
  4462 | D:4      | 4462 ||| IDENTIFYING yellow potion
  4463 | D:4      | 4463 ||| DROPPING potion of lignification.
  4464 | D:4      | 4464 ||| DROPPING potion of degeneration.
  4465 | D:4      | 4465 ||| Stepping randomly (stuck).
  4466 | D:4      | 4466 ||| Stepping ~*~*~tactically~*~*~ (cloud).
  4591 | D:5      | Entered Level 5 of the Dungeon
  4633 | D:5      | 4633 ||| Stepping ~*~*~tactically~*~*~ (hiding).
  4638 | D:5      | 4638 ||| Stepping ~*~*~tactically~*~*~ (hiding).
  4789 | D:5      | 4789 ||| READING 2 scrolls labelled SASUROM QEUPRO.
  4991 | D:5      | 4991 ||| Stepping ~*~*~tactically~*~*~ (hiding).
  5001 | D:5      | 5001 ||| Stepping ~*~*~tactically~*~*~ (stealth).
  5034 | D:5      | Reached XP level 8. HP: 47/60 MP: 9/9
  5034 | D:5      | 5034 ||| Stepping ~*~*~tactically~*~*~ (stealth).
  5040 | D:5      | Reached skill level 7 in Axes
  5086 | D:5      | 5086 ||| Stepping ~*~*~tactically~*~*~ (stealth).
  5087 | D:5      | 5087 ||| Stepping ~*~*~tactically~*~*~ (stealth).
  5106 | D:5      | 5106 ||| Stepping ~*~*~tactically~*~*~ (stealth).
  5107 | D:5      | 5107 ||| Stepping ~*~*~tactically~*~*~ (stealth).
  5108 | D:5      | 5108 ||| Stepping ~*~*~tactically~*~*~ (stealth).
  5110 | D:5      | 5110 ||| Stepping ~*~*~tactically~*~*~ (hiding).
  5111 | D:5      | 5111 ||| Stepping ~*~*~tactically~*~*~ (hiding).
  5120 | D:5      | 5120 ||| Stepping ~*~*~tactically~*~*~ (hiding).
  5300 | D:5      | Reached skill level 8 in Axes
  5333 | D:5      | Found a sacrificial altar of Ru.
  5333 | D:5      | Found a stormy altar of Qazlal.
  5418 | D:5      | 5418 ||| Stepping ~*~*~tactically~*~*~ (stealth).
  5664 | D:5      | 5664 ||| UPGRADING to +2 pair of boots.
  5669 | D:5      | 5669 ||| READING 2 scrolls labelled NUXUTOC FOYPT.
  5814 | D:5      | 5814 ||| READING scroll labelled FEMITT IGAFIAG.
  5815 | D:5      | 5815 ||| DRINKING 2 metallic brown potions.
  5815 | D:5      | Gained mutation: You are covered in fur. (AC +1) [potion of
                  | mutation]
  5815 | D:5      | Lost mutation: You are covered in fur. (AC +1) [potion of
                  | mutation]
  5815 | D:5      | Gained mutation: You are strong-willed. (Will+) [potion of
                  | mutation]
  5815 | D:5      | Gained mutation: You have sharp toenails. [potion of
                  | mutation]
  5816 | D:5      | 5816 ||| READING 3 scrolls of identify.
  5816 | D:5      | 5816 ||| IDENTIFYING cyan potion
  5817 | D:5      | 5817 ||| READING 2 scrolls of identify.
  5817 | D:5      | 5817 ||| IDENTIFYING black potion
  5818 | D:5      | 5818 ||| DROPPING potion of flight.
  5819 | D:5      | 5819 ||| DROPPING scroll of fear.
  5820 | D:5      | 5820 ||| DROPPING scroll of torment.
  5872 | D:6      | 5872 ||| Stepping ~*~*~tactically~*~*~ (stealth).
  5873 | D:6      | 5873 ||| Stepping ~*~*~tactically~*~*~ (hiding).
  5873 | D:6      | Noticed a wyvern
  5879 | D:6      | Killed a wyvern
  5972 | D:6      | 5972 ||| Stepping ~*~*~tactically~*~*~ (stealth).
  5974 | D:6      | 5974 ||| Stepping ~*~*~tactically~*~*~ (stealth).
  6003 | D:6      | 6003 ||| FLEEEEING.
  6005 | D:6      | 6005 ||| FLEEEEING.
  6008 | D:6      | 6008 ||| FLEEEEING.
  6009 | D:6      | 6009 ||| FLEEEEING.
  6010 | D:6      | 6010 ||| FLEEEEING.
  6012 | D:6      | 6012 ||| FLEEEEING.
  6013 | D:6      | 6013 ||| FLEEEEING.
  6016 | D:6      | 6016 ||| STAIRDANCE
  6136 | D:6      | 6136 ||| Stepping ~*~*~tactically~*~*~ (hiding).
  6146 | D:6      | Reached XP level 9. HP: 68/68 MP: 10/10
  6186 | D:6      | Reached skill level 9 in Axes
  6426 | D:6      | 6426 ||| INVOKING Fiery Armour.
  6426 | D:6      | HP: 17/68 [vampire mosquito (3)]
  6427 | D:6      | 6427 ||| DRINKING 2 potions of heal wounds.
  6430 | D:6      | Reached skill level 6 in Fighting
  6779 | D:6      | 6779 ||| READING scroll labelled ZARIHEYWEM.
  6806 | D:7      | Found a runed translucent gate.
  6806 | D:7      | Found a runed translucent gate.
  6809 | D:7      | Found a runed translucent gate.
  6811 | D:7      | Noticed a spectral unseen horror
  6811 | D:7      | Noticed qw's ghost (novice TrCA)
  7149 | D:7      | Reached skill level 10 in Axes
  7209 | D:7      | 7209 ||| Stepping ~*~*~tactically~*~*~ (stealth).
  7226 | D:7      | 7226 ||| Stepping ~*~*~tactically~*~*~ (stealth).
  7235 | D:7      | 7235 ||| INVOKING Fiery Armour.
  7237 | D:7      | Reached skill level 6 in Armour
  7274 | D:7      | 7274 ||| FLEEEEING.
  7278 | D:7      | 7278 ||| STAIRDANCE
  7431 | D:7      | 7431 ||| INVOKING Fiery Armour.
  7662 | D:7      | 7662 ||| Stepping ~*~*~tactically~*~*~ (stealth).
  7664 | D:7      | 7664 ||| Stepping ~*~*~tactically~*~*~ (hiding).
  7670 | D:7      | Reached XP level 10. HP: 46/79 MP: 11/11
  7816 | D:7      | Found a runed translucent door.
  7817 | D:7      | Noticed Crazy Yiuf
  7875 | D:7      | 7875 ||| Stepping ~*~*~tactically~*~*~ (stealth).
  7876 | D:7      | 7876 ||| Stepping ~*~*~tactically~*~*~ (stealth).
  7950 | D:7      | You fall into a shaft and drop 2 floors!
  7991 | D:9      | 7991 ||| Stepping ~*~*~tactically~*~*~ (hiding).
  7993 | D:9      | 7993 ||| Stepping ~*~*~tactically~*~*~ (hiding).
  7994 | D:9      | 7994 ||| Stepping ~*~*~tactically~*~*~ (hiding).
  8018 | D:8      | 8018 ||| PLANNING OSSUARY
  8049 | D:8      | 8049 ||| Stepping ~*~*~tactically~*~*~ (hiding).
  8195 | D:8      | 8195 ||| Stepping ~*~*~tactically~*~*~ (stealth).
  8202 | D:8      | Reached skill level 11 in Axes
  8440 | D:8      | Found a sand-covered staircase.
  8449 | Ossuary  | Entered an ossuary
  8450 | Ossuary  | 8450 ||| INVOKING Fiery Armour.
  8618 | Ossuary  | 8618 ||| DRINKING 2 fizzy green potions.
  8619 | Ossuary  | 8619 ||| READING 6 scrolls of identify.
  8619 | Ossuary  | 8619 ||| IDENTIFYING fizzy pink potion
  8620 | Ossuary  | 8620 ||| DROPPING potion of magic.
  8621 | Ossuary  | 8621 ||| DROPPING potion of berserk rage.
  8637 | D:8      | 8637 ||| PLANNING D:1-11
  8814 | D:7      | Noticed Dowan
  8815 | D:7      | Noticed Duvessa
  8819 | D:7      | Killed Dowan
  8823 | D:7      | Killed Duvessa
  9020 | D:7      | 9020 ||| Stepping ~*~*~tactically~*~*~ (hiding).
  9021 | D:7      | 9021 ||| Stepping ~*~*~tactically~*~*~ (hiding).
  9022 | D:7      | 9022 ||| Stepping ~*~*~tactically~*~*~ (hiding).
  9122 | D:7      | Noticed Prince Ribbit
  9130 | D:7      | Killed Prince Ribbit
  9261 | D:7      | 9261 ||| UPGRADING to +4 ring of protection.
  9262 | D:7      | 9262 ||| DRINKING 2 fizzy grey potions.
  9263 | D:7      | 9263 ||| DROPPING potion of attraction.
  9707 | D:8      | 9707 ||| DROPPING ring of ice.
  9708 | D:8      | 9708 ||| UPGRADING to +6 ring of strength.
  9709 | D:8      | 9709 ||| READING 2 scrolls labelled WUUDUN MOUNTU.
  9710 | D:8      | 9710 ||| DROPPING scroll of noise.
  9955 | D:9      | 9955 ||| Stepping ~*~*~tactically~*~*~ (stealth).
  9962 | D:9      | 9962 ||| Stepping ~*~*~tactically~*~*~ (stealth).
  9981 | D:9      | Noticed Pikel
  9982 | D:9      | 9982 ||| Stepping ~*~*~tactically~*~*~ (hiding).
  9983 | D:9      | 9983 ||| Stepping ~*~*~tactically~*~*~ (hiding).
  9984 | D:9      | 9984 ||| Stepping ~*~*~tactically~*~*~ (hiding).
  9985 | D:9      | 9985 ||| Stepping ~*~*~tactically~*~*~ (hiding).
  9996 | D:9      | Killed Pikel
  9997 | D:9      | Reached skill level 12 in Axes
 10130 | D:9      | 10130 ||| Stepping ~*~*~tactically~*~*~ (stealth).
 10131 | D:9      | 10131 ||| Stepping ~*~*~tactically~*~*~ (stealth).
 10136 | D:9      | 10136 ||| Stepping ~*~*~tactically~*~*~ (stealth).
 10137 | D:9      | 10137 ||| Stepping ~*~*~tactically~*~*~ (stealth).
 10142 | D:9      | Reached XP level 11. HP: 76/86 MP: 12/12
 10143 | D:9      | 10143 ||| Stepping ~*~*~tactically~*~*~ (stealth).
 10148 | D:9      | 10148 ||| FLEEEEING.
 10153 | D:9      | Reached skill level 13 in Axes
 10171 | D:9      | 10171 ||| Stepping ~*~*~tactically~*~*~ (stealth).
 10177 | D:9      | 10177 ||| FLEEEEING.
 10178 | D:9      | 10178 ||| FLEEEEING.
 10179 | D:9      | 10179 ||| FLEEEEING.
 10180 | D:9      | 10180 ||| FLEEEEING.
 10181 | D:9      | 10181 ||| FLEEEEING.
 10182 | D:9      | 10182 ||| FLEEEEING.
 10183 | D:9      | 10183 ||| FLEEEEING.
 10184 | D:9      | 10184 ||| FLEEEEING.
 10185 | D:9      | 10185 ||| FLEEEEING.
 10186 | D:9      | 10186 ||| FLEEEEING.
 10187 | D:9      | 10187 ||| FLEEEEING.
 10191 | D:9      | 10191 ||| FLEEEEING.
 10192 | D:9      | 10192 ||| FLEEEEING.
 10193 | D:9      | 10193 ||| FLEEEEING.
 10194 | D:9      | 10194 ||| FLEEEEING.
 10195 | D:9      | 10195 ||| FLEEEEING.
 10196 | D:9      | 10196 ||| FLEEEEING.
 10197 | D:9      | 10197 ||| FLEEEEING.
 10198 | D:9      | 10198 ||| FLEEEEING.
 10199 | D:9      | 10199 ||| FLEEEEING.
 10200 | D:9      | 10200 ||| FLEEEEING.
 10201 | D:9      | 10201 ||| FLEEEEING.
 10202 | D:9      | 10202 ||| FLEEEEING.
 10203 | D:9      | 10203 ||| FLEEEEING.
 10204 | D:9      | 10204 ||| FLEEEEING.
 10209 | D:9      | 10209 ||| FLEEEEING.
 10210 | D:9      | 10210 ||| STAIRDANCE
 10290 | D:8      | 10290 ||| READING scroll labelled LAVAOCREUTIDD.
 10293 | D:9      | 10293 ||| STAIRDANCE
 10354 | D:9      | Found a staircase to the Lair.
 10405 | D:9      | 10405 ||| FLEEEEING.
 10406 | D:9      | 10406 ||| FLEEEEING.
 10407 | D:9      | 10407 ||| FLEEEEING.
 10408 | D:9      | 10408 ||| FLEEEEING.
 10409 | D:9      | 10409 ||| FLEEEEING.
 10410 | D:9      | 10410 ||| FLEEEEING.
 10411 | D:9      | 10411 ||| FLEEEEING.
 10412 | D:9      | 10412 ||| FLEEEEING.
 10413 | D:9      | 10413 ||| FLEEEEING.
 10414 | D:9      | 10414 ||| FLEEEEING.
 10415 | D:9      | 10415 ||| FLEEEEING.
 10416 | D:9      | 10416 ||| FLEEEEING.
 10417 | D:9      | 10417 ||| FLEEEEING.
 10418 | D:9      | 10418 ||| FLEEEEING.
 10419 | D:9      | 10419 ||| FLEEEEING.
 10420 | D:9      | 10420 ||| FLEEEEING.
 10424 | D:9      | 10424 ||| FLEEEEING.
 10425 | D:9      | 10425 ||| FLEEEEING.
 10426 | D:9      | 10426 ||| FLEEEEING.
 10427 | D:9      | 10427 ||| FLEEEEING.
 10428 | D:9      | 10428 ||| FLEEEEING.
 10429 | D:9      | 10429 ||| FLEEEEING.
 10430 | D:9      | 10430 ||| FLEEEEING.
 10431 | D:9      | 10431 ||| FLEEEEING.
 10432 | D:9      | 10432 ||| FLEEEEING.
 10433 | D:9      | 10433 ||| FLEEEEING.
 10437 | D:9      | 10437 ||| STAIRDANCE
 10588 | D:8      | 10588 ||| DROPPING ring of protection from cold.
 10594 | D:9      | 10594 ||| STAIRDANCE
 10602 | D:9      | 10602 ||| STAIRDANCE
 10611 | D:9      | 10611 ||| STAIRDANCE
 10787 | D:9      | 10787 ||| Stepping ~*~*~tactically~*~*~ (stealth).
 10813 | D:9      | Identified the ring "Hyoxt" {rC- Will+ Dex+3 SInv}
 10862 | D:9      | 10862 ||| Stepping ~*~*~tactically~*~*~ (stealth).
 10864 | D:9      | 10864 ||| Stepping ~*~*~tactically~*~*~ (stealth).
 10866 | D:9      | 10866 ||| Stepping ~*~*~tactically~*~*~ (stealth).
 10988 | D:9      | 10988 ||| PLANNING LAIR
 10988 | D:9      | 10988 ||| UPGRADING to +0 buckler.
 10993 | D:9      | 10993 ||| DROPPING ring "Hyoxt" {rC- Will+ Dex+3 SInv}.
 11021 | Lair:1   | Entered Level 1 of the Lair of Beasts
 11025 | Lair:1   | 11025 ||| Stepping ~*~*~tactically~*~*~ (hiding).
 11058 | Lair:1   | 11058 ||| Stepping ~*~*~tactically~*~*~ (stealth).
 11085 | Lair:1   | 11085 ||| Stepping ~*~*~tactically~*~*~ (stealth).
 11088 | Lair:1   | 11088 ||| INVOKING Fiery Armour.
 11221 | Lair:1   | 11221 ||| INVOKING Fiery Armour.
 11229 | Lair:1   | Reached skill level 6 in Shields
 11299 | Lair:1   | 11299 ||| Stepping ~*~*~tactically~*~*~ (stealth).
 11300 | Lair:1   | 11300 ||| Stepping ~*~*~tactically~*~*~ (stealth).
 11301 | Lair:1   | 11301 ||| Stepping ~*~*~tactically~*~*~ (hiding).
 11310 | Lair:1   | Reached skill level 9 in Fighting
 11316 | Lair:1   | HP: 21/89 [poisoned by a cane toad]
 11321 | Lair:1   | HP: 17/89 [poisoned by a cane toad]
 11705 | Lair:1   | Noticed a seven-headed hydra
 11707 | Lair:1   | 11707 ||| SWAPPING to -1 hand axe of flaming.
 11718 | Lair:1   | Killed a one-headed hydra
 11719 | Lair:1   | 11719 ||| SWAPPING to +9 battleaxe of Wyrd {freeze, Contam
                  | rC+++ MP+9 Int+3}.
 11721 | Lair:1   | 11721 ||| INVOKING Fiery Armour.
 11721 | Lair:1   | Gained mutation: Armour fits poorly on your strangely
                  | shaped body. [mutagenic glow]
 11964 | Lair:1   | 11964 ||| DRINKING 4 potions of mutation.
 11964 | Lair:1   | Lost mutation: You are strong-willed. (Will+) [potion of
                  | mutation]
 11964 | Lair:1   | Lost mutation: Armour fits poorly on your strangely shaped
                  | body. [potion of mutation]
 11964 | Lair:1   | Lost mutation: You have sharp toenails. [potion of
                  | mutation]
 11964 | Lair:1   | Gained mutation: You have sharp toenails. [potion of
                  | mutation]
 11964 | Lair:1   | Gained mutation: Your flesh is heat resistant. (rF+)
                  | [potion of mutation]
 12059 | Lair:1   | 12059 ||| Stepping ~*~*~tactically~*~*~ (hiding).
 12520 | Lair:1   | Reached XP level 12. HP: 81/95 MP: 13/13
 12638 | Lair:2   | 12638 ||| Stepping ~*~*~tactically~*~*~ (hiding).
 12977 | Lair:2   | 12977 ||| Stepping ~*~*~tactically~*~*~ (stealth).
 12977 | Lair:2   | Found a runed translucent door.
 12977 | Lair:2   | Found a hole to the Spider Nest.
 12978 | Lair:2   | Noticed qw's ghost (journeyman TrCA)
 13044 | Lair:2   | Reached skill level 14 in Axes
 13246 | Lair:2   | Identified the +5 short sword of Infinity {freeze, Dex+3}
 13258 | Lair:2   | 13258 ||| Stepping ~*~*~tactically~*~*~ (stealth).
 13261 | Lair:2   | 13261 ||| Stepping ~*~*~tactically~*~*~ (stealth).
 13269 | Lair:2   | 13269 ||| Stepping ~*~*~tactically~*~*~ (stealth).
 13272 | Lair:2   | 13272 ||| Stepping ~*~*~tactically~*~*~ (stealth).
 13296 | Lair:2   | 13296 ||| Stepping ~*~*~tactically~*~*~ (stealth).
 13330 | Lair:2   | Reached skill level 9 in Armour
 13386 | Lair:2   | 13386 ||| Stepping ~*~*~tactically~*~*~ (stealth).
 13526 | Lair:2   | 13526 ||| INVOKING Fiery Armour.
 14154 | Lair:2   | 14154 ||| Stepping randomly (stuck).
 14155 | Lair:2   | 14155 ||| PLANNING TEMPLE
 14338 | Temple   | Entered the Ecumenical Temple
 14338 | Temple   | Found a transporter.
 14338 | Temple   | Found a transporter.
 14340 | Temple   | Found a transporter.
 14340 | Temple   | Found a transporter.
 14350 | Temple   | 14350 ||| PLANNING LAIR
 14353 | Temple   | 14353 ||| PLANNING CONVERSION TO OKAWARU
 14355 | Temple   | Fell from the grace of Ignis
 14355 | Temple   | Became a worshipper of Warmaster Okawaru
 14356 | Temple   | 14356 ||| PLANNING LAIR
 15016 | Lair:3   | Noticed Gastronok
 15028 | Lair:3   | Killed Gastronok
 15028 | Lair:3   | Reached * piety under Okawaru
 15029 | Lair:3   | Reached skill level 15 in Axes
 15029 | Lair:3   | 15029 ||| INVOKING Heroism.
 15032 | Lair:3   | Reached skill level 1 in Invocations
 15414 | Lair:3   | You fall into a shaft and drop 2 floors!
 15414 | Lair:5   | Entered Level 5 of the Lair of Beasts
 15416 | Lair:5   | 15416 ||| INVOKING Heroism.
 15439 | Lair:5   | 15439 ||| INVOKING Heroism.
 15443 | Lair:5   | Reached skill level 3 in Invocations
 15444 | Lair:5   | Reached XP level 13. HP: 103/103 MP: 15/15
 15539 | Lair:4   | 15539 ||| Stepping ~*~*~tactically~*~*~ (stealth).
 15541 | Lair:4   | 15541 ||| Stepping ~*~*~tactically~*~*~ (stealth).
 15543 | Lair:4   | 15543 ||| INVOKING Heroism.
 15547 | Lair:4   | Reached ** piety under Okawaru
 15560 | Lair:4   | Reached skill level 16 in Axes
 15760 | Lair:4   | You fall into a shaft and drop 1 floor!
 15760 | Lair:5   | Noticed a seven-headed hydra
 15760 | Lair:5   | Noticed a four-headed hydra
 15761 | Lair:5   | 15761 ||| INVOKING Heroism.
 15762 | Lair:5   | 15762 ||| SWAPPING to -1 hand axe of flaming.
 15768 | Lair:5   | Killed a one-headed hydra
 15778 | Lair:5   | Killed a one-headed hydra
 15779 | Lair:5   | 15779 ||| SWAPPING to +9 battleaxe of Wyrd {freeze, Contam
                  | rC+++ MP+9 Int+3}.
 16083 | Lair:3   | 16083 ||| INVOKING Heroism.
 16546 | Lair:3   | You fall into a shaft and drop 2 floors!
 16575 | Lair:5   | Was forgiven by Ignis
 16680 | Lair:5   | 16680 ||| INVOKING Heroism.
 16680 | Lair:5   | Noticed a boulder beetle
 16681 | Lair:5   | 16681 ||| Stepping ~*~*~tactically~*~*~ (stealth).
 16682 | Lair:5   | 16682 ||| Stepping ~*~*~tactically~*~*~ (stealth).
 16683 | Lair:5   | 16683 ||| Stepping ~*~*~tactically~*~*~ (stealth).
 16684 | Lair:5   | 16684 ||| Stepping ~*~*~tactically~*~*~ (stealth).
 16685 | Lair:5   | 16685 ||| Stepping ~*~*~tactically~*~*~ (stealth).
 16697 | Lair:5   | Reached skill level 3 in Dodging
 16697 | Lair:5   | Killed a boulder beetle
 16953 | Lair:3   | Found a staircase to the Shoals.
 17078 | Lair:4   | 17078 ||| INVOKING Heroism.
 17080 | Lair:4   | 17080 ||| STAIRDANCE
 17090 | Lair:4   | 17090 ||| STAIRDANCE
 17145 | Lair:4   | 17145 ||| Stepping ~*~*~tactically~*~*~ (stealth).
 17151 | Lair:4   | 17151 ||| Stepping ~*~*~tactically~*~*~ (stealth).
 17154 | Lair:4   | 17154 ||| Stepping ~*~*~tactically~*~*~ (stealth).
 17155 | Lair:4   | 17155 ||| Stepping ~*~*~tactically~*~*~ (stealth).
 17162 | Lair:4   | Reached *** piety under Okawaru
 17303 | Lair:4   | 17303 ||| Stepping ~*~*~tactically~*~*~ (stealth).
 17313 | Lair:4   | Noticed a seven-headed hydra
 17314 | Lair:4   | 17314 ||| FLEEEEING.
 17322 | Lair:4   | 17322 ||| STAIRDANCE
 17418 | Lair:4   | 17418 ||| Stepping ~*~*~tactically~*~*~ (stealth).
 17419 | Lair:4   | 17419 ||| INVOKING Heroism.
 17421 | Lair:4   | 17421 ||| SWAPPING to -1 hand axe of flaming.
 17436 | Lair:4   | Killed a one-headed hydra
 17437 | Lair:4   | Reached skill level 9 in Shields
 17437 | Lair:4   | 17437 ||| SWAPPING to +9 battleaxe of Wyrd {freeze, Contam
                  | rC+++ MP+9 Int+3}.
 17855 | Lair:4   | Noticed Nessos
 17865 | Lair:4   | 17865 ||| INVOKING Heroism.
 17869 | Lair:4   | Killed Nessos
 17873 | Lair:4   | HP: 26/106 [poisoned by Nessos]
 17878 | Lair:4   | HP: 23/106 [poisoned by Nessos]
 18230 | Lair:4   | Reached **** piety under Okawaru
 18231 | Lair:4   | Reached skill level 1 in Throwing
 18466 | Lair:5   | Noticed a five-headed hydra
 18467 | Lair:5   | 18467 ||| INVOKING Heroism.
 18469 | Lair:5   | 18469 ||| SWAPPING to -1 hand axe of flaming.
 18474 | Lair:5   | Noticed a four-headed hydra
 18476 | Lair:5   | Gained mutation: Your spells are a little easier to cast,
                  | but a little less powerful. [mutagenic glow]
 18478 | Lair:5   | Killed a one-headed hydra
 18489 | Lair:5   | Killed a one-headed hydra
 18490 | Lair:5   | Reached XP level 14. HP: 101/113 MP: 17/17
 18490 | Lair:5   | 18490 ||| SWAPPING to +9 battleaxe of Wyrd {freeze, Contam
                  | rC+++ MP+9 Int+3}.
 18552 | Lair:5   | 18552 ||| INVOKING Heroism.
 18569 | Lair:5   | Reached skill level 6 in Invocations
 18671 | Lair:5   | 18671 ||| Stepping ~*~*~tactically~*~*~ (stealth).
 18673 | Lair:5   | 18673 ||| INVOKING Heroism.
 18674 | Lair:5   | 18674 ||| Stepping ~*~*~tactically~*~*~ (stealth).
 18736 | Lair:5   | 18736 ||| INVOKING Heroism.
 18740 | Lair:5   | 18740 ||| Stepping ~*~*~tactically~*~*~ (stealth).
 18744 | Lair:5   | 18744 ||| Stepping ~*~*~tactically~*~*~ (stealth).
 18749 | Lair:5   | 18749 ||| Stepping ~*~*~tactically~*~*~ (stealth).
 18750 | Lair:5   | 18750 ||| Stepping ~*~*~tactically~*~*~ (stealth).
 18761 | Lair:5   | 18761 ||| INVOKING Heroism.
 18766 | Lair:5   | Reached ***** piety under Okawaru
 18767 | Lair:5   | 18767 ||| INVOKING Finesse.
 18850 | Lair:5   | 18850 ||| Stepping ~*~*~tactically~*~*~ (hiding).
 18977 | Lair:5   | 18977 ||| Stepping ~*~*~tactically~*~*~ (hiding).
 18981 | Lair:5   | 18981 ||| INVOKING Heroism.
 18989 | Lair:5   | Reached skill level 17 in Axes
 19000 | Lair:5   | 19000 ||| Stepping ~*~*~tactically~*~*~ (hiding).
 19001 | Lair:5   | 19001 ||| Stepping ~*~*~tactically~*~*~ (hiding).
 19020 | Lair:5   | 19020 ||| Stepping ~*~*~tactically~*~*~ (stealth).
 19026 | Lair:5   | 19026 ||| Stepping ~*~*~tactically~*~*~ (stealth).
 19029 | Lair:5   | 19029 ||| Stepping ~*~*~tactically~*~*~ (hiding).
 19032 | Lair:5   | 19032 ||| INVOKING Heroism.
 19033 | Lair:5   | 19033 ||| INVOKING Finesse.
 19085 | Lair:5   | 19085 ||| Stepping ~*~*~tactically~*~*~ (hiding).
 19091 | Lair:5   | 19091 ||| INVOKING Heroism.
 19092 | Lair:5   | 19092 ||| INVOKING Finesse.
 19095 | Lair:5   | 19095 ||| SWAPPING to -1 hand axe of flaming.
 19098 | Lair:5   | 19098 ||| Stepping ~*~*~tactically~*~*~ (stealth).
 19104 | Lair:5   | Reached skill level 3 in Throwing
 19104 | Lair:5   | 19104 ||| SWAPPING to +9 battleaxe of Wyrd {freeze, Contam
                  | rC+++ MP+9 Int+3}.
 19110 | Lair:5   | Reached skill level 9 in Invocations
 19186 | Lair:5   | Identified the +3 hand crossbow of Ubiquitous Tenacity
                  | {freeze, rC+ Will+ SInv}
 19387 | Lair:5   | Received a gift from Okawaru
 19597 | Lair:5   | Found a staircase to the Slime Pits.
 19598 | Lair:5   | 19598 ||| FLEEEEING.
 19599 | Lair:5   | 19599 ||| FLEEEEING.
 19600 | Lair:5   | 19600 ||| FLEEEEING.
 19836 | Lair:5   | 19836 ||| PLANNING D:1-11
 19836 | Lair:5   | 19836 ||| UPGRADING to scarf of repulsion.
 19841 | Lair:5   | 19841 ||| UPGRADING to +0 kite shield of poison resistance.
 19851 | Lair:5   | 19851 ||| DROPPING +0 buckler.
 19982 | D:10     | Entered Level 10 of the Dungeon
 19989 | D:10     | Found a flagged portal.
 20124 | D:10     | 20124 ||| Stepping ~*~*~tactically~*~*~ (stealth).
 20125 | D:10     | 20125 ||| Stepping ~*~*~tactically~*~*~ (stealth).
 20130 | D:10     | 20130 ||| Stepping ~*~*~tactically~*~*~ (stealth).
 20140 | D:10     | 20140 ||| Stepping ~*~*~tactically~*~*~ (stealth).
 20313 | D:10     | Found a hazy altar of Hepliaklqana.
 20314 | D:10     | 20314 ||| Stepping ~*~*~tactically~*~*~ (hiding).
 20469 | D:10     | 20469 ||| Stepping ~*~*~tactically~*~*~ (hiding).
 20474 | D:10     | 20474 ||| INVOKING Heroism.
 20479 | D:10     | 20479 ||| PLANNING D:1-11
 20481 | D:10     | 20481 ||| INVOKING Finesse.
 20482 | D:10     | 20482 ||| SWAPPING to -1 hand axe of flaming.
 20485 | D:10     | 20485 ||| SWAPPING to +9 battleaxe of Wyrd {freeze, Contam
                  | rC+++ MP+9 Int+3}.
 20487 | D:10     | 20487 ||| SWAPPING to -1 hand axe of flaming.
 20489 | D:10     | 20489 ||| SWAPPING to +9 battleaxe of Wyrd {freeze, Contam
                  | rC+++ MP+9 Int+3}.
 20490 | D:10     | Gained mutation: You are clumsy. (Dex -2) [mutagenic glow]
 20491 | D:10     | 20491 ||| Stepping ~*~*~tactically~*~*~ (hiding).
 20493 | D:10     | 20493 ||| SWAPPING to -1 hand axe of flaming.
 20505 | D:10     | 20505 ||| SWAPPING to +9 battleaxe of Wyrd {freeze, Contam
                  | rC+++ MP+9 Int+3}.
 20505 | D:10     | Gained mutation: You do not regenerate when monsters are
                  | visible. [mutagenic glow]
 20514 | D:10     | 20514 ||| Stepping ~*~*~tactically~*~*~ (stealth).
 20515 | D:10     | 20515 ||| Stepping ~*~*~tactically~*~*~ (hiding).
 20523 | D:10     | Gained mutation: Your body sometimes deteriorates upon
                  | taking damage. [mutagenic glow]
 20527 | D:10     | 20527 ||| Stepping ~*~*~tactically~*~*~ (hiding).
 20537 | D:10     | Gained mutation: You occasionally lose the ability to read
                  | scrolls when taking damage. [mutagenic glow]
 20550 | D:10     | Gained mutation: You sometimes lose the ability to read
                  | scrolls when taking damage. [mutagenic glow]
 20551 | D:10     | 20551 ||| INVOKING Heroism.
 20720 | D:10     | 20720 ||| DRINKING 3 potions of mutation.
 20720 | D:10     | Lost mutation: Your flesh is heat resistant. (rF+) [potion
                  | of mutation]
 20720 | D:10     | Lost mutation: Your body sometimes deteriorates upon taking
                  | damage. [potion of mutation]
 20720 | D:10     | Gained mutation: You occasionally shout uncontrollably at
                  | your foes. [potion of mutation]
 20721 | D:10     | 20721 ||| DRINKING 2 potions of mutation.
 20721 | D:10     | Lost mutation: You sometimes lose the ability to read
                  | scrolls when taking damage. [potion of mutation]
 20721 | D:10     | Lost mutation: You occasionally shout uncontrollably at
                  | your foes. [potion of mutation]
 20721 | D:10     | Lost mutation: You do not regenerate when monsters are
                  | visible. [potion of mutation]
 20721 | D:10     | Gained mutation: You are robust. (+10% HP) [potion of
                  | mutation]
 20757 | D:10     | 20757 ||| DRINKING potion of mutation.
 20757 | D:10     | Lost mutation: You are clumsy. (Dex -2) [potion of
                  | mutation]
 20757 | D:10     | Lost mutation: Your spells are a little easier to cast, but
                  | a little less powerful. [potion of mutation]
 20757 | D:10     | Gained mutation: You are agile. (Dex +4, Str/Int -1)
                  | [potion of mutation]
 20757 | D:10     | Gained mutation: You are partially covered in iridescent
                  | scales. (AC +2) [potion of mutation]
 20757 | D:10     | Gained mutation: You possess an exceptional clarity of
                  | mind. [potion of mutation]
 20768 | D:10     | Identified the ring of Day {rPois rF+}
 20769 | D:10     | 20769 ||| Stepping ~*~*~tactically~*~*~ (stealth).
 20770 | D:10     | 20770 ||| Stepping ~*~*~tactically~*~*~ (stealth).
 20771 | D:10     | 20771 ||| Stepping ~*~*~tactically~*~*~ (stealth).
 20780 | D:10     | 20780 ||| Stepping ~*~*~tactically~*~*~ (hiding).
 21281 | D:10     | 21281 ||| DROPPING amulet of guardian spirit.
 21282 | D:10     | 21282 ||| DROPPING amulet of faith.
 21317 | D:11     | 21317 ||| INVOKING Heroism.
 21331 | D:11     | 21331 ||| INVOKING Finesse.
 21338 | D:11     | 21338 ||| SWAPPING to -1 hand axe of flaming.
 21348 | D:11     | 21348 ||| SWAPPING to +9 battleaxe of Wyrd {freeze, Contam
                  | rC+++ MP+9 Int+3}.
 21366 | D:11     | Gained mutation: You are dopey. (Int -2) [mutagenic glow]
 21533 | D:11     | 21533 ||| Stepping ~*~*~tactically~*~*~ (hiding).
 21534 | D:11     | 21534 ||| INVOKING Heroism.
 21535 | D:11     | 21535 ||| INVOKING Finesse.
 21540 | D:11     | Reached XP level 15. HP: 97/129 MP: 22/22
 21744 | D:11     | 21744 ||| Stepping ~*~*~tactically~*~*~ (stealth).
 21745 | D:11     | 21745 ||| Stepping ~*~*~tactically~*~*~ (stealth).
 21792 | D:11     | Noticed Amaemon
 21793 | D:11     | 21793 ||| Stepping ~*~*~tactically~*~*~ (stealth).
 21854 | D:11     | Killed Amaemon
 21855 | D:11     | Reached skill level 12 in Shields
 22071 | D:11     | 22071 ||| PLANNING D
 22102 | D:12     | Found Afohet's Antique Weapon Shop.
 22137 | D:12     | 22137 ||| Stepping ~*~*~tactically~*~*~ (stealth).
 22159 | D:12     | 22159 ||| INVOKING Heroism.
 22193 | D:12     | 22193 ||| Stepping ~*~*~tactically~*~*~ (stealth).
 22214 | D:12     | Found a basalt altar of Yredelemnul.
 22217 | D:12     | 22217 ||| Stepping ~*~*~tactically~*~*~ (stealth).
 22222 | D:12     | Received a gift from Okawaru
 22302 | D:12     | 22302 ||| Stepping ~*~*~tactically~*~*~ (stealth).
 22345 | D:12     | Found Qouzxifiel's Armour Emporium.
 22392 | D:12     | Found Jeuleolam's Assorted Antiques.
 22395 | D:12     | 22395 ||| BUYING fizzy dark potion (15 gold).
 22395 | D:12     | Bought a fizzy dark potion for 15 gold pieces
 22395 | D:12     | 22395 ||| BUYING grey potion (15 gold).
 22395 | D:12     | Bought a grey potion for 15 gold pieces
 22395 | D:12     | 22395 ||| BUYING scroll of identify (34 gold).
 22395 | D:12     | Bought a scroll of identify for 34 gold pieces
 22444 | D:12     | Found Foturuck's Antique Armour Shop.
 22447 | D:12     | 22447 ||| BUYING pair of glowing boots (180 gold).
 22447 | D:12     | Bought a pair of glowing boots for 180 gold pieces
 22447 | D:12     | 22447 ||| BUYING shiny plate armour (624 gold).
 22447 | D:12     | Bought a shiny plate armour for 624 gold pieces
 22447 | D:12     | 22447 ||| SHOPLISTING shiny plate armour (624 gold, have
                  | 585).
 22475 | D:12     | 22475 ||| Stepping ~*~*~tactically~*~*~ (hiding).
 22487 | D:12     | 22487 ||| INVOKING Heroism.
 22488 | D:12     | 22488 ||| Stepping ~*~*~tactically~*~*~ (hiding).
 22694 | D:12     | Found Mavamen's Assorted Antiques.
 22707 | D:12     | 22707 ||| BUYING notched iron ring (115 gold).
 22707 | D:12     | Bought a notched iron ring for 115 gold pieces
 22707 | D:12     | 22707 ||| BUYING potion of heal wounds (115 gold).
 22707 | D:12     | Bought a potion of heal wounds for 115 gold pieces
 22802 | D:12     | 22802 ||| Stepping ~*~*~tactically~*~*~ (hiding).
 22804 | D:12     | Found a staircase to the Orcish Mines.
 22975 | D:12     | 22975 ||| DROPPING +1 pair of boots of stealth.
 22976 | D:12     | 22976 ||| UPGRADING to +2 plate armour of cold resistance.
 22986 | D:12     | 22986 ||| DROPPING +0 plate armour.
 22987 | D:12     | 22987 ||| DROPPING ring of positive energy.
 22988 | D:12     | 22988 ||| DRINKING 3 grey potions.
 22989 | D:12     | 22989 ||| READING 11 scrolls of identify.
 22989 | D:12     | 22989 ||| IDENTIFYING fizzy dark potion
 22990 | D:12     | 22990 ||| DROPPING potion of ambrosia.
 23085 | D:13     | 23085 ||| INVOKING Heroism.
 23145 | D:13     | 23145 ||| INVOKING Heroism.
 23157 | D:13     | Found a gate to the Vaults.
 23165 | D:13     | 23165 ||| INVOKING Finesse.
 23175 | D:13     | 23175 ||| Stepping ~*~*~tactically~*~*~ (hiding).
 23199 | D:13     | 23199 ||| Stepping ~*~*~tactically~*~*~ (hiding).
 23203 | D:13     | 23203 ||| INVOKING Heroism.
 23207 | D:13     | 23207 ||| Stepping ~*~*~tactically~*~*~ (hiding).
 23213 | D:13     | 23213 ||| Stepping ~*~*~tactically~*~*~ (hiding).
 23280 | D:13     | 23280 ||| Stepping ~*~*~tactically~*~*~ (stealth).
 23281 | D:13     | 23281 ||| Stepping ~*~*~tactically~*~*~ (stealth).
 23285 | D:13     | 23285 ||| Stepping ~*~*~tactically~*~*~ (stealth).
 23290 | D:13     | Received a gift from Okawaru
 23291 | D:13     | Reached skill level 18 in Axes
 23294 | D:13     | 23294 ||| INVOKING Heroism.
 23360 | D:13     | 23360 ||| Stepping ~*~*~tactically~*~*~ (hiding).
 23361 | D:13     | 23361 ||| Stepping ~*~*~tactically~*~*~ (hiding).
 23554 | D:13     | 23554 ||| INVOKING Heroism.
 23840 | D:13     | 23840 ||| Stepping ~*~*~tactically~*~*~ (hiding).
 23871 | D:13     | 23871 ||| Stepping ~*~*~tactically~*~*~ (hiding).
 23874 | D:13     | 23874 ||| Stepping ~*~*~tactically~*~*~ (hiding).
 23875 | D:13     | 23875 ||| Stepping ~*~*~tactically~*~*~ (hiding).
 24110 | D:12     | 24110 ||| Stepping randomly (stuck).
 24178 | D:14     | 24178 ||| Stepping ~*~*~tactically~*~*~ (hiding).
 24183 | D:14     | Reached skill level 6 in Throwing
 24307 | D:14     | 24307 ||| INVOKING Heroism.
 24309 | D:14     | 24309 ||| Stepping ~*~*~tactically~*~*~ (stealth).
 24334 | D:14     | Received a gift from Okawaru
 24398 | D:14     | Noticed Onucvo's ghost (journeyman FoFi)
 24402 | D:14     | Identified the +10 trident of Descent {freeze, rC+ Str+3}
 24409 | D:14     | 24409 ||| INVOKING Heroism.
 24416 | D:14     | 24416 ||| SWAPPING to -1 hand axe of flaming.
 24430 | D:14     | Noticed Snorg
 24431 | D:14     | 24431 ||| INVOKING Finesse.
 24434 | D:14     | HP: 25/132 [boulder beetle (11)]
 24435 | D:14     | Reached skill level 12 in Fighting
 24435 | D:14     | 24435 ||| DRINKING 4 potions of heal wounds.
 24441 | D:14     | HP: 33/132 [boulder beetle (16)]
 24442 | D:14     | 24442 ||| DRINKING 3 potions of heal wounds.
 24443 | D:14     | 24443 ||| INVOKING Heroism.
 24452 | D:14     | Identified the +4 scale mail of Okawaru's Castigation
                  | {+Blink Will+++ Str+4 Dex-3} (Okawaru gifted it to you on
                  | level 14 of the Dungeon)
 24452 | D:14     | Received a gift from Okawaru
 24458 | D:14     | HP: 27/132 [Snorg (8)]
 24459 | D:14     | 24459 ||| DRINKING 2 potions of heal wounds.
 24460 | D:14     | 24460 ||| DRINKING potion of heal wounds.
 24464 | D:14     | HP: 3/132 [boulder beetle (17)]
 24468 | D:14     | Slain by a boulder beetle

Levels and vault maps discovered:
D:1:      dpeg_arrival_stonehenge_8_columns, layout_loops_ring,
          serial_park_tiny_2
D:2:      wander_river, layout_basic,
          hellmonk_ecumenical_altar_pennies_from_heaven
D:3:      layout_loops_corners, pf_guarded_unrand_meek, uniq_sigmund
D:4:      layout_loops_cross, minmay_temple_entry_hall, uniq_blork_the_orc
D:5:      layout_basic, gammafunk_temple_overflow_statue, serial_glass,
          glass_columns_a, glass_columns_c, minmay_increasing_density
D:6:      layout_cave_pools
D:7:      layout_cave_pods, gammafunk_ghost_necromancy, uniq_crazy_yiuf_cottage,
          uniq_prince_ribbit1, uniq_duvessa
D:8:      layout_loops_corners, enter_ossuary_1
D:9:      layout_loops_ring, serial_rivers, chequers_serial_rivers_micro_c,
          chequers_serial_rivers_small_a, chequers_serial_rivers_small_a,
          chequers_serial_rivers_micro_e, chequers_serial_rivers_large_b,
          chequers_serial_rivers_room_a, uniq_pikel
D:10:     layout_irregular_city, nicolae_hepliaklqana_hazy_memory,
          enter_bailey_2, minmay_pinched_square
D:11:     layout_basic, uniq_amaemon
D:12:     layout_gridville, orc_david_3, serial_shops, shop, kennysheep_mini,
          nicolae_shop_crystal, nicolae_take_the_stairs, kennysheep_mini_moat,
          nicolae_yredelemnul_corpse_copse
D:13:     layout_rooms, grunt_vaults_entry_fortified, minmay_fire_ice_demons
D:14:     nzn_winding_woodlands_small [nzn_winding_woodlands_5x15_lazy_stream,
          nzn_winding_woodlands_center_pierced_h,
          nzn_winding_woodlands_5x15_default], layout_basic,
          ebering_ghost_funeral_grove, uniq_snorg
Temple:   hellmonk_temple_divided_pantheon
Lair:1:   layout_loops_ring, lemuel_fruit_tree
Lair:2:   layout_roguey, nicolae_spider_entry_tight_spaces,
          gammafunk_ghost_grave, beast_lair_carwin_4, grunt_megastairs_1,
          serial_bayou_shore_b, lemuel_fruit_fields, lemuel_fruit_fields
Lair:3:   layout_hall_layers, elwin_shoals_entry_rooms, uniq_gastronok
Lair:4:   layout_layer_cave, roderic_carrion_pond, grunt_megastairs_3,
          uniq_nessos
Lair:5:   hangedman_lair_in_review, layout_gridlike, slime_entry_1

Skill      XL: |  1  2  3  4  5  6  7  8  9 10 11 12 13 14 15 |
---------------+----------------------------------------------+-----
Axes           | 4 5 6 8 10 12 13 15 16 17 18 | 18.0
Armour         | 1 4 6 7 8 9 10 | 10.0
Fighting       | 4 5 7 8 9 10 11 12 | 12.0
Dodging        | 2 3 4 |  4.1
Shields        | 7 8 9 11 13 | 13.2
Invocations    | 3 5 10 | 10.0
Throwing       | 2 3 6 |  6.1
Spellcasting   | |  1.1
Fire Magic     | |  3.0

Action                   |  1- 3 |  4- 6 |  7- 9 | 10-12 | 13-15 || total
-------------------------+-------+-------+-------+-------+-------++-------
Melee: Hand axe          |    70 |    50 |       |    10 |   118 ||   248
       Battleaxe         |       |    23 |   162 |   343 |   591 ||  1119
       Punch             |       |     1 |     3 |     2 |       ||     6
Throw: Boomerang         |       |       |       |       |    74 ||    74
       Javelin           |       |       |       |       |    28 ||    28
Invok: Fiery Armour      |     2 |     1 |     4 |     5 |       ||    12
       Heroism           |       |       |       |     3 |    29 ||    32
       Finesse           |       |       |       |       |     8 ||     8
  Use: Scroll            |     1 |     8 |    10 |     3 |     1 ||    23
       Potion            |       |     2 |     3 |     3 |     8 ||    16
Armor: Robe              |     9 |       |       |       |       ||     9
       Plate armour      |    30 |    37 |   116 |   201 |   320 ||   704
Dodge: Dodged            |    26 |    17 |    54 |   111 |   224 ||   432
       Repelled          |       |       |       |       |     2 ||     2
Block: Buckler           |       |       |       |    36 |    79 ||   115
       Kite shield       |       |       |       |       |   231 ||   231

Table legend:
 A = Non-vault XP
 B = Vault XP
 C = Vault XP percentage of total XP
 D = Non-vault monster count
 E = Vault monster count
 F = Vault count percentage of total count
                 A         B        C        D         E       F
            +---------+---------+-------+---------+---------+-------
      Total |   67369 |   40455 |  37.5 |     355 |     138 |  28.0
            +---------+---------+-------+---------+---------+-------
        D:1 |      44 |       0 |   0.0 |      12 |       0 |   0.0
        D:2 |      27 |       0 |   0.0 |      13 |       0 |   0.0
        D:3 |      11 |     273 |  96.1 |       7 |       4 |  36.4
        D:4 |     329 |      94 |  22.2 |      23 |       1 |   4.2
        D:5 |     487 |     177 |  26.7 |      13 |       7 |  35.0
        D:6 |    1438 |       0 |   0.0 |      22 |       0 |   0.0
        D:7 |    1480 |     500 |  25.3 |      28 |       3 |   9.7
        D:8 |    1096 |       0 |   0.0 |      19 |       0 |   0.0
        D:9 |    2245 |     697 |  23.7 |      29 |       1 |   3.3
       D:10 |    1392 |    4962 |  78.1 |      19 |      15 |  44.1
       D:11 |    6454 |    1139 |  15.0 |      23 |       2 |   8.0
       D:12 |    5264 |    6065 |  53.5 |      20 |      15 |  42.9
       D:13 |    3674 |    6529 |  64.0 |       8 |      20 |  71.4
       D:14 |    6218 |    3366 |  35.1 |      11 |       4 |  26.7
     Lair:1 |    6195 |       0 |   0.0 |      24 |       0 |   0.0
     Lair:2 |    3789 |    2234 |  37.1 |      15 |      12 |  44.4
     Lair:3 |    2214 |    1768 |  44.4 |      11 |       4 |  26.7
     Lair:4 |    5649 |    4483 |  44.2 |      14 |      16 |  53.3
     Lair:5 |   19363 |    7767 |  28.6 |      44 |      18 |  29.0
    Ossuary |       0 |     401 | 100.0 |       0 |      16 | 100.0
            +---------+---------+-------+---------+---------+-------
